 Dungeon Crawl Stone Soup version 0.30.0-29-ga12c61a403 (webtiles) character file.

Game seed: 4221141458517927324

53 Chiseanne the Sneak (level 3, -1/26 HPs)
             Began as an Octopode Delver on June 25, 2023.
             Slain by an orc
             ... wielding a +0 hand axe
              (9 damage)
             ... on level 4 of the Dungeon.
             The game lasted 00:02:48 (479 turns).

Chiseanne the Sneak (Octopode Delver)                Turns: 479, Time: 00:02:49

Health: -1/26      AC:  1    Str: 13    XL:     3   Next: 89%
Magic:  3/3        EV: 13    Int: 12    God:
Gold:   6          SH:  0    Dex: 13    Spells: 2/2 levels left

rFire   . . .        a - +1 short sword
rCold   . . .        (no shield)
rNeg    . . .        (helmet restricted)
rPois   .            (no amulet)
rElec   .            (no ring)
rCorr   .            (no ring)
SInv    .            (no ring)
Will    .....        (no ring)
Stlth   ++++         (no ring)
HPRegen 0.24/turn    (no ring)
MPRegen 0.08/turn    (no ring)
                     (no ring)

%: no passive effects
@: no status effects
A: almost no armour, amphibious, 8 rings, camouflage 1, gelatinous body 1,
(nimble swimmer 1), tentacles
a: no special abilities


You were on level 4 of the Dungeon.
You visited 1 branch of the dungeon, and saw 2 of its levels.

You collected 6 gold pieces.

Inventory:

Hand Weapons
 a - a +1 short sword (weapon)
 m - a +0 flail
Missiles
 i - a boomerang (quivered)
 k - 3 stones
Wands
 f - a wand of digging (3)
Scrolls
 b - a scroll of fog
 c - a scroll of magic mapping
 d - a scroll of fear
 h - a scroll of poison {unknown}
 l - a scroll of immolation {unknown}
Potions
 e - a potion of haste
 g - 2 potions of brilliance {unknown}
 j - a potion of attraction {unknown}
 n - a potion of mutation {unknown}


   Skills:
 * Level 3.6 Fighting
 - Level 2.0 Short Blades
 * Level 2.8 Dodging
 * Level 7.3 Stealth


You had 2 spell levels left.
You didn't know any spells.
Your spell library was empty.

Dungeon Overview and Level Annotations

Branches:
Dungeon (5/15)
 Temple: D:4-7

Altars:


Innate Abilities, Weirdness & Mutations

You cannot wear most types of armour.
You are amphibious.
You can wear up to eight rings at the same time.
Your skin changes colour to match your surroundings (Stealth+).
Your rubbery body absorbs attacks. (AC +1, EV +1)
((You are camouflaged when in or above water. (Stealth+)))
You have tentacles for arms and can constrict up to eight enemies at once.


Message History

You see here an orc corpse.
There is a stone staircase leading up here.
You climb upwards.
There is a stone staircase leading down here.
You start waiting.
Done waiting.
You climb downwards.
There is a stone staircase leading up here.
The orc shouts!
You see here an orc corpse.
The orc shouts! x2
You see here an orc corpse.
There is a stone staircase leading up here.
The orc hits you with a +0 whip.
You climb upwards.
There is a stone staircase leading down here.
You barely miss the orc. Your grab misses the orc. The orc misses you.
You hit the orc. Your grab misses the orc. Your squeeze misses the orc.
The orc is moderately wounded.
The orc barely misses you.
You hit the orc.
You kill the orc!
Things that are here:
a +0 whip; an orc corpse
There is a stone staircase leading down here.
You climb downwards.
The orc closely misses you. The orc hits you with a +0 hand axe.
There is a stone staircase leading up, spattered with blood here.
The orc barely misses you.
The orc drinks a potion.
The orc goes berserk!
You climb upwards.
There is a stone staircase leading down here.
You hit the orc. Your grab misses the orc.
The orc is severely wounded.
The orc hits you with a +0 hand axe!
The orc hits you with a +2 mace of holy wrath!
The orc closely misses you.
You hit the orc.
You kill the orc!
The orc hits you with a +0 hand axe!
You die...

......# ......#
......# ......#
......########
'##'##.....(..
.##.##.#############
..#.##.#........)).#
...............o@#.#
..)............#.# #
#......#.###.#.#.#
....#.##.# ###.#.#
#.#.#.##.. #..>#
..#.#.##### ....#
#...#.#... .####
#...#.#.# .
#.#.....####


You could see an orc (berserk).

Vanquished Creatures
  An iguana (D:5)
  An adder (D:5)
  A shadow imp (D:5)
  An ufetubus (D:4)
  4 orcs
  A kobold (D:4)
9 creatures vanquished.

Notes
Turn   | Place    | Note
-------+----------+-------------------------------------------
     0 | D:5      | Chiseanne the Octopode Delver began the quest for the Orb.
     0 | D:5      | Reached XP level 1. HP: 16/16 MP: 1/1
    40 | D:5      | Reached XP level 2. HP: 19/21 MP: 2/2
   141 | D:5      | Reached skill level 7 in Stealth
   141 | D:5      | Reached XP level 3. HP: 15/26 MP: 3/3
   479 | D:4      | Slain by an orc

Illustrated notes

Levels and vault maps discovered:
D:4:      cheibrodos_greedy_goblins, layout_basic,
          nicolae_qazlal_scattered_showers, cheibrodos_ashenzari_chains,
          minmay_temple_entry_hall, uniq_natasha, uniq_grinder
D:5:      layout_basic, nicolae_take_the_stairs, palyth_stone_intersect,
          lexackson_kobold_supper

Skill      XL: |  1  2 |
---------------+-------+-----
Stealth        | 7 |  7.3
Fighting       | |  3.6
Short Blades   | |  2.0
Dodging        | |  2.8

Action                     || total
---------------------------++-------
  Melee: Short sword       ||    36
         Tentacles         ||     5
         Constrict         ||     6
    Use: Scroll            ||     2
   Stab: Sleeping          ||     1
  Dodge: Dodged            ||    32
